 Dungeon Crawl Stone Soup version 0.28.0-53-g5a82cb258f (webtiles) character file.

Game seed: 16925652974771176192

22207 pesado the Executioner (level 12, -2/105 HPs)
             Began as a Minotaur Berserker on May 27, 2022.
             Was a High Priest of Trog.
             Slain by a catoblepas (7 damage)
             ... while petrified by a catoblepas
             ... on level 4 of the Lair of Beasts.
             The game lasted 00:18:22 (19207 turns).

pesado the Executioner (Minotaur Berserker)        Turns: 19207, Time: 00:18:22

Health: -2/105     AC: 20    Str: 27    XL:     12   Next: 61%
Magic:  11/11      EV:  2    Int: 10    God:    Trog [*****.]
Gold:   857        SH:  0    Dex: 12    Spells: 11/11 levels left

rFire   . . .      SeeInvis .   s - +0 battleaxe (spect)
rCold   . . .      Faith    .   (shield currently unavailable)
rNeg    + + +      Spirit   .   F - +0 plate armour
rPois   ∞          Reflect  +   (helmet restricted)
rElec   .          Harm     .   c - +1 cloak
rCorr   +          Rampage  .   v - +0 pair of gloves
Will    .....                   M - +1 pair of boots "Arphomp" {rPois rN+ Dex+2}
Stlth   ..........              C - amulet of reflection
HPRegen 0.27/turn               b - ring of resist corrosion
MPRegen 0.12/turn               t - +6 ring of intelligence

@: lethally poisoned (-2 -> -2), petrified
A: horns 2, retaliatory headbutt
a: Renounce Religion, Berserk, Trog's Hand, Brothers in Arms


You were on level 4 of the Lair of Beasts.
You worshipped Trog.
Trog was extremely pleased with you.
You visited 3 branches of the dungeon, and saw 15 of its levels.

You collected 857 gold pieces.

Inventory:

Hand Weapons
 a - a +0 hand axe of protection
 s - a +0 spectral battleaxe (weapon)
 y - a +2 dire flail of draining
 G - a +0 shortbow
Missiles
 j - 32 poisoned darts (quivered)
 o - 5 atropa-tipped darts
 x - a throwing net
 H - 134 arrows
Armour
 c - a +1 cloak (worn)
 v - a +0 pair of gloves (worn)
 B - a +0 chain mail
 F - a +0 plate armour (worn)
 M - the +1 pair of boots "Arphomp" (worn) {rPois rN+ Dex+2}
   (You found it on level 1 of the Lair of Beasts)

   Dex:       It affects your dexterity (+2).
   rPois:     It protects you from poison.
   rN:        It protects you from negative energy.
Jewellery
 b - a ring of resist corrosion (left hand)
 t - a +6 ring of intelligence (right hand)
 C - an amulet of reflection (around neck)
Wands
 f - a wand of polymorph (12)
 k - a wand of paralysis (10)
 p - a wand of flame (36)
 I - a wand of iceblast (6)
 K - a wand of acid (4)
Scrolls
 h - 6 scrolls of amnesia
 m - 3 scrolls of immolation
 u - a scroll of blinking
 z - 6 scrolls of teleportation
 A - a scroll of identify
 E - 2 scrolls of fog
 J - a scroll of enchant armour
Potions
 d - 6 potions of curing
 e - 3 potions of lignification
 g - a potion of invisibility
 i - 5 potions of mutation
 l - 2 potions of heal wounds
 n - a potion of resistance
 q - 4 potions of attraction
 r - 4 potions of flight
 w - 3 potions of might
 D - 13 potions of degeneration


   Skills:
 + Level 9.5 Fighting
 - Level 21.1 Axes
 * Level 2.6 Bows
 + Level 9.9 Armour
 - Level 2.1 Dodging
 - Level 0.4 Shields


You had 11 spell levels left.
You didn't know any spells.
Your spell library was empty.

Dungeon Overview and Level Annotations

Branches:
Dungeon (11/15)            Temple (1/1) D:6            Lair (2/6) D:11
 Shoals (0/4) Lair:2          Orc (0/2) D:9
  Snake: Lair:2-4    Spider: Lair:2-4

Altars:
Ashenzari
Cheibriados
Dithmenos
Elyvilon
Fedhas
Gozag
Hepliaklqana
Kikubaaqudgha
Makhleb
Nemelex Xobeh
Okawaru
Qazlal
Ru
Sif Muna
Trog
Uskayaw
Vehumet
Wu Jian
Xom
Yredelemnul
Zin
The Shining One
Beogh

Shops:
D:5 (   D:8 [

Portals:
Trove: D:10 (give 17 potions of curing)

Annotations:
D:4 3 runed translucent doors, porpoise's ghost, amateur TeHu


Innate Abilities, Weirdness & Mutations

You have a pair of horns on your head.
You reflexively headbutt those who attack you in melee.


Message History

You barely miss the yak. x2
You hit the catoblepas but do no damage.
Your +0 spectral battleaxe closely misses the yak.
You are engulfed in calcifying dust.
You are slowing down.
The catoblepas closely misses you. The yak gores you.
You hit the catoblepas but do no damage.
You barely miss the yak. You slash the yak!
The helpless yak fails to defend itself.
You slice the yak!!
You are engulfed in calcifying dust.
Your limbs have turned to stone.
You feel sick. The yak gores you! The catoblepas gores you. The yak gores you.
You have turned to stone.
The yak gores you. The catoblepas gores you!! The yak gores you!
* * * LOW HITPOINT WARNING * * *
The yak gores you.
* * * LOW HITPOINT WARNING * * *
The catoblepas gores you!
* * * LOW HITPOINT WARNING * * *
The yak gores you but does no damage.
The yak is no longer petrified.
The yak gores you but does no damage. The catoblepas gores you!
* * * LOW HITPOINT WARNING * * *
The yak gores you but does no damage. x2
The yak gores you but does no damage.
The catoblepas gores you but does no damage.
The yak gores you but does no damage. x2
The yak gores you.
* * * LOW HITPOINT WARNING * * *
The catoblepas breathes a plume of calcifying dust at you.
The blast of calcifying dust hits you but does no damage.
The yak gores you. The yak gores you but does no damage.
You are engulfed in calcifying dust.
The yak gores you.
* * * LOW HITPOINT WARNING * * *
The catoblepas gores you. The yak gores you.
* * * LOW HITPOINT WARNING * * *
The yak gores you but does no damage.
You are engulfed in calcifying dust.
The yak gores you!
* * * LOW HITPOINT WARNING * * *
The catoblepas gores you!
You die...

..# #..## ##....
......### ####
........# #...
........#####....
......Y†..#...#
......Y@§§...#
......YY#....#
......####..##
.....# #....#
...## ##..## .#
#..# ## ##.# #.#.
#.## P... #..#


You could see a catoblepas and 3 yaks.

Vanquished Creatures
  2 boulder beetles (Lair:4)
  4 hydras
  A catoblepas (Lair:4)
  Erica (Lair:1)
  A two-headed ogre (D:11)
  Nergalle (Lair:2)
  3 manticores
  5 cane toads
  An unseen horror (D:10)
  3 komodo dragons
  A gargoyle (D:6)
  A rime drake (Lair:1)
  Maggie (D:6)
  2 trolls
  2 polar bears (Lair:1)
  6 slime creatures (D:7)
  4 dream sheep (Lair:4)
  Sigmund (D:3)
  2 shadows
  19 yaks
  A basilisk (D:8)
  Edmund (D:6)
  An acid dragon (D:9)
  5 water moccasins
  A swamp drake (D:9)
  5 orc warriors
  4 black bears
  An ice beast (D:6)
  4 centaurs
  3 kobold brigands
  4 gnoll sergeants
  10 bullfrogs
  A scorpion (D:11)
  A water moccasin skeleton (D:5)
  13 killer bees
  9 wights (D:9)
  2 centaur zombies
  2 electric eels
  A howler monkey (D:8)
  3 bullfrog zombies
  A centaur skeleton (D:7)
  5 hounds
  3 jellies
  6 orc priests
  Crazy Yiuf (D:6)
  A gnoll shaman (D:4)
  A bullfrog skeleton (D:6)
  Terence (D:3)
  3 iguanas
  10 orc wizards
  Natasha (twice) (D:3)
  A howler monkey zombie (D:9)
  22 gnolls
  10 adders
  2 shadow imps
  A white imp (D:8)
  2 ufetubi
  3 worms
  A dart slug (D:2)
  38 orcs
  3 bats
  6 endoplasms
  3 giant cockroaches
  11 goblins
  6 hobgoblins
  5 jackals
  20 kobolds
  4 quokkas
  3 training dummies (D:5)
  10 ball pythons
  3 frilled lizards
  3 rats
324 creatures vanquished.

Vanquished Creatures (others)
  54 fungi (D:11)
  43 plants
97 creatures vanquished.

Grand Total: 421 creatures vanquished

Notes
Turn   | Place    | Note
-------+----------+-------------------------------------------
     0 | D:1      | pesado the Minotaur Berserker began the quest for the Orb.
     0 | D:1      | Reached XP level 1. HP: 19/19 MP: 0/0
   126 | D:1      | Reached skill level 4 in Axes
   310 | D:1      | Reached XP level 2. HP: 26/26 MP: 1/1
  1203 | D:2      | Reached skill level 5 in Axes
  1459 | D:2      | Reached XP level 3. HP: 31/31 MP: 2/2
  2130 | D:2      | Reached ** piety under Trog
  2270 | D:2      | Reached XP level 4. HP: 39/39 MP: 3/3
  2301 | D:2      | Reached skill level 6 in Axes
  2595 | D:3      | You fall into a shaft and drop 2 floors!
  2595 | D:5      | Entered Level 5 of the Dungeon
  2745 | D:5      | Reached XP level 5. HP: 45/45 MP: 4/4
  2774 | D:5      | HP: 1/45 [gnoll sergeant/+0 spear (6)]
  2779 | D:5      | HP: 1/45 [gnoll/+0 whip (1)]
  3487 | D:3      | Reached skill level 7 in Axes
  3956 | D:3      | Noticed Natasha
  3963 | D:3      | Killed Natasha
  3964 | D:3      | Reached XP level 6. HP: 36/51 MP: 5/5
  4357 | D:3      | Noticed Sigmund
  4371 | D:3      | Killed Sigmund
  4372 | D:3      | Reached skill level 5 in Armour
  4448 | D:3      | Noticed Natasha
  4453 | D:3      | Killed Natasha
  4454 | D:3      | Reached skill level 8 in Axes
  4469 | D:3      | Noticed Terence
  4478 | D:3      | Killed Terence
  4605 | D:4      | Reached XP level 7. HP: 47/58 MP: 6/6
  4831 | D:4      | Found a runed translucent gate.
  4831 | D:4      | Noticed porpoise's ghost (amateur TeHu)
  4832 | D:4      | Found a runed translucent gate.
  4833 | D:4      | Found a runed translucent gate.
  4835 | D:4      | Reached *** piety under Trog
  4848 | D:4      | Identified the +6 hand axe "Myshrukk" {drain, rPois Str-3
                  | Int-4 Dex+8 Stlth+}
  6600 | D:5      | Reached skill level 9 in Axes
  6785 | D:5      | Found Eckacaa's Firing Range.
  7182 | D:6      | Reached XP level 8. HP: 64/67 MP: 7/7
  7260 | D:6      | Noticed Edmund
  7275 | D:6      | Killed Edmund
  7276 | D:6      | Reached skill level 5 in Fighting
  7480 | D:6      | Found a staircase to the Ecumenical Temple.
  7509 | Temple   | Entered the Ecumenical Temple
  7853 | D:6      | Noticed Maggie
  7853 | D:6      | Noticed a gargoyle
  7862 | D:6      | Killed Maggie
  7863 | D:6      | Reached skill level 10 in Axes
  7866 | D:6      | Killed a gargoyle
  8055 | D:6      | Reached skill level 11 in Axes
  8325 | D:6      | Found a runed translucent door.
  8326 | D:6      | Noticed Crazy Yiuf
  8399 | D:6      | Reached XP level 9. HP: 57/78 MP: 8/8
  8709 | D:6      | Killed Crazy Yiuf
  9120 | D:7      | Reached **** piety under Trog
  9129 | D:7      | Reached skill level 12 in Axes
  9556 | D:7      | Reached skill level 13 in Axes
 10000 | D:7      | Found a stormy altar of Qazlal.
 10568 | D:8      | Found Evvautuf's Armour Boutique.
 10579 | D:8      | Reached XP level 10. HP: 87/88 MP: 9/9
 11771 | D:8      | Reached skill level 14 in Axes
 13523 | D:9      | Found a staircase to the Orcish Mines.
 13585 | D:9      | Reached skill level 15 in Axes
 14251 | D:10     | Entered Level 10 of the Dungeon
 14342 | D:10     | Reached skill level 16 in Axes
 15096 | D:10     | Reached XP level 11. HP: 53/95 MP: 10/10
 15143 | D:10     | Found a portal to a secret trove of treasure.
 15894 | D:11     | Reached skill level 17 in Axes
 16182 | D:11     | Noticed a two-headed ogre
 16199 | D:11     | Killed a two-headed ogre
 16277 | D:11     | Found a staircase to the Lair.
 16529 | D:11     | Noticed a four-headed hydra
 16539 | D:11     | Killed a four-headed hydra
 16540 | D:11     | Reached skill level 18 in Axes
 16562 | D:11     | Noticed a four-headed hydra
 16571 | D:11     | Killed a four-headed hydra
 17122 | Lair:1   | Entered Level 1 of the Lair of Beasts
 17144 | Lair:1   | Identified the +1 pair of boots "Arphomp" {rPois rN+ Dex+2}
 17270 | Lair:1   | Reached skill level 19 in Axes
 17279 | Lair:1   | Reached ***** piety under Trog
 17460 | Lair:1   | Noticed a five-headed hydra
 17471 | Lair:1   | Killed a seven-headed hydra
 17494 | Lair:1   | Noticed Erica
 17701 | Lair:1   | Killed Erica
 17977 | Lair:1   | Reached XP level 12. HP: 103/103 MP: 11/11
 18177 | Lair:1   | Identified the +9 short sword "Iheh" {chaos, rC+}
 18268 | Lair:2   | Noticed a six-headed hydra
 18279 | Lair:1   | Killed a seven-headed hydra
 18280 | Lair:1   | Reached skill level 20 in Axes
 18602 | Lair:2   | Noticed Nergalle
 18611 | Lair:2   | Killed Nergalle
 18617 | Lair:2   | Found a staircase to the Shoals.
 18732 | Lair:2   | You fall into a shaft and drop 2 floors!
 18732 | Lair:4   | Noticed a boulder beetle
 18746 | Lair:4   | Killed a boulder beetle
 18747 | Lair:4   | Reached skill level 21 in Axes
 18900 | Lair:4   | Reached skill level 1 in Bows
 18978 | Lair:4   | Noticed a catoblepas
 18985 | Lair:4   | Killed a catoblepas
 19007 | Lair:4   | Noticed a boulder beetle
 19020 | Lair:4   | Killed a boulder beetle
 19185 | Lair:4   | Noticed a catoblepas
 19207 | Lair:4   | HP: 5/105 [yak (4)]
 19207 | Lair:4   | Slain by a catoblepas

Illustrated notes

Levels and vault maps discovered:
D:1:      amcnicky_arrival_flooded_fountain, layout_basic
D:2:      minmay_thinvault, layout_basic
D:3:      layout_loops_cross, uniq_natasha, uniq_terence, uniq_sigmund
D:4:      layout_basic, biasface_ghost_orc_armoury
D:5:      layout_loops_ring, nicolae_shop_firing_range
D:6:      layout_loops_cross, minmay_temple_entry_stoned_glass,
          kennysheep_cluttered_room, uniq_maggie, uniq_edmund,
          uniq_crazy_yiuf_cottage
D:7:      layout_basic, mainiacjoe_overflow_alcove_4, hangedman_decor_slide_cut,
          corexii_corridor_pit
D:8:      layout_basic, serial_shops,
          nicolae_shop_temple_entry_statues_fountains, minmay_circle_x
D:9:      layout_loops_ring, erik_orc_1
D:10:     layout_roguey, enter_trove_3, enter_bailey_8
D:11:     layout_small_grid, due_lair_maze_entry_diamond
Temple:   nicolae_temple_the_god_donut
Lair:1:   layout_chaotic_city, gammafunk_lair_bear_cave, uniq_erica
Lair:2:   layout_gridlike, elwin_shoals_entry_rocks, grunt_megastairs_1,
          uniq_nergalle
Lair:4:   layout_cave_pods, hellmonk_ghost_happy_afterlife

Skill      XL: |  1  2  3  4  5  6  7  8  9 10 11 12 |
---------------+-------------------------------------+-----
Axes           | 4 5 6 7 8 9 11 13 16 19 21 | 21.1
Armour         | 3 4 5 6 7 8 9 |  9.9
Fighting       | 4 6 8 9 |  9.5
Bows           | 2 |  2.6
Dodging        | |  2.1
Shields        | |  0.4

Action                   |  1- 3 |  4- 6 |  7- 9 | 10-12 || total
-------------------------+-------+-------+-------+-------++-------
Melee: Hand axe          |    87 |   119 |    88 |       ||   294
       Headbutt          |    12 |    11 |    55 |    67 ||   145
       Punch             |       |     3 |     2 |     2 ||     7
       Broad axe         |       |       |   161 |   104 ||   265
       Battleaxe         |       |       |       |   266 ||   266
       Dire flail        |       |       |       |    20 ||    20
 Fire: Shortbow          |       |       |       |     6 ||     6
Throw: Dart              |       |       |       |     4 ||     4
Invok: Berserk           |       |       |     3 |     2 ||     5
       Trog's Hand       |       |       |       |     2 ||     2
  Use: Scroll            |     1 |     6 |     9 |    12 ||    28
       Potion            |       |       |     1 |       ||     1
 Stab: Petrified         |       |       |       |     2 ||     2
       Distracted        |       |       |       |     1 ||     1
       Petrifying        |       |       |       |     1 ||     1
Armor: Animal skin       |     5 |       |       |       ||     5
       Leather armour    |     8 |       |       |       ||     8
       Ring mail         |     6 |    47 |    49 |       ||   102
       Chain mail        |       |       |    32 |       ||    32
       Plate armour      |       |       |    29 |   321 ||   350
Dodge: Dodged            |    50 |    57 |   142 |   169 ||   418
Block: Other             |       |       |    28 |   100 ||   128
       Reflection        |       |       |       |     6 ||     6
